 Dungeon Crawl Stone Soup version 0.28.0 (webtiles) character file.

Game seed: 15891859101605977860

874 laceratedsky the Chopper (level 7, 0/93 HPs)
             Began as a Minotaur Berserker on Feb 5, 2022.
             Was a Priest of Trog.
             Slain by Pikel (1 damage)
             ... on level 6 of the Dungeon.
             The game lasted 00:16:38 (5008 turns).

laceratedsky the Chopper (Minotaur Berserker)       Turns: 5008, Time: 00:16:39

Health: 0/93       AC: 10    Str: 23    XL:     7   Next: 74%
Magic:  6/6        EV:  9    Int:  4    God:    Trog [***...]
Gold:   248        SH:  0    Dex: 10    Spells: 6/6 levels left

rFire   . . .      SeeInvis .   a - +0 hand axe
rCold   . . .      Faith    .   (no shield)
rNeg    . . .      Spirit   .   d - +0 chain mail
rPois   .          Reflect  .   (helmet restricted)
rElec   .          Harm     .   o - scarf {repulsion}
rCorr   .          Rampage  .   (no gloves)
Will    .....                   (no boots)
Stlth   ..........              (no amulet)
HPRegen 0.25/turn               (no ring)
MPRegen 0.10/turn               (no ring)

@: berserking, repel missiles, very quick
A: horns 2, retaliatory headbutt, subdued magic 1
a: Renounce Religion, Berserk, Trog's Hand


You were on level 6 of the Dungeon.
You worshipped Trog.
Trog was most pleased with you.
You visited 2 branches of the dungeon, and saw 7 of its levels.

You collected 248 gold pieces.

Inventory:

Hand Weapons
 a - a +0 hand axe (weapon)
Missiles
 l - 25 arrows
Armour
 b - a +0 animal skin
 d - a +0 chain mail (worn)
 e - a +0 tower shield
 o - a scarf of repulsion (worn)
Jewellery
 f - a +6 ring of intelligence
 k - a ring of poison resistance
Wands
 n - a wand of iceblast (3)
 p - a wand of flame (15)
Scrolls
 c - a scroll of summoning {unknown}
 i - 7 scrolls of identify {unknown}
 j - a scroll of fog {unknown}
 m - a scroll of enchant armour {unknown}
Potions
 h - a potion of flight {unknown}


   Skills:
 + Level 5.9 Fighting
 + Level 7.5 Axes
 + Level 6.4 Armour
 + Level 3.4 Dodging
 + Level 0.2 Stealth


You had 6 spell levels left.
You didn't know any spells.
Your spell library was empty.

Dungeon Overview and Level Annotations

Branches:
Dungeon (6/15)             Temple (1/1) D:4

Altars:
Elyvilon
Gozag
Hepliaklqana
Nemelex Xobeh
Okawaru
Qazlal
Wu Jian
Xom
Yredelemnul
Zin

Annotations:
D:6 Pikel


Innate Abilities, Weirdness & Mutations

You have a pair of horns on your head.
You reflexively headbutt those who attack you in melee.
Your spells are a little easier to cast, but a little less powerful.


Message History

The iguana bites you but does no damage.
Pikel hits you with a +1 whip of flaming.
Pikel burns you.
You hit Pikel but do no damage. Your headbutt misses Pikel.
Pikel is lightly wounded.
You miss the lemure. You hit the lemure but do no damage.
You hit the iguana but do no damage. You hit the lemure.
You barely miss the lemure. The lemure hits you but does no damage.
The lemure barely misses you.
The lemure hits you but does no damage. x2
The iguana bites you.
You hit Pikel.
Pikel is lightly wounded.
You hit the lemure. You barely miss the lemure. You barely miss the iguana.
You hit the lemure. x2; Pikel closely misses you.
The lemure barely misses you. x2
The lemure hits you. x2; The iguana barely misses you.
You closely miss Pikel.
Pikel is lightly wounded.
You completely miss the lemure. You hit the lemure but do no damage.
You hit the iguana. You closely miss the lemure.
You hit the lemure but do no damage. Pikel barely misses you.
The lemure hits you. x3
* * * LOW HITPOINT WARNING * * *
The lemure barely misses you.
You closely miss Pikel. You headbutt Pikel.
Pikel is moderately wounded.
You closely miss the lemure. x2; You barely miss the iguana.
You hit the lemure but do no damage. You hit the lemure. The iguana bites you!
* * * LOW HITPOINT WARNING * * *
Pikel barely misses you. The lemure hits you but does no damage.
The lemure hits you.
* * * LOW HITPOINT WARNING * * *
It was a potion of berserk rage.
A red film seems to cover your vision as you go berserk!
You feel yourself moving faster!
You feel mighty! The lemure hits you.
* * * LOW HITPOINT WARNING * * *
The lemure hits you.
* * * LOW HITPOINT WARNING * * *
The iguana bites you but does no damage.
Pikel hits you with a +1 whip of flaming.
You die...

#................
#................
.#####+###........
........##........
..................
............<.....
##..>...........
#..l...########
#..5@5.# #..5K5.#
#......$#
#.......#
.........#
#........##
#....#..##
.....##.#


You could see Pikel, 4 lemures and an iguana.

Vanquished Creatures
  Grinder (D:4)
  Eustachio (D:4)
  The ghost of Prodoman the Magician, an amateur DsWz (D:3)
  A scorpion (D:4)
  A centaur zombie (D:5)
  A hound (D:6)
  A jelly (D:5)
  A bullfrog skeleton (D:4)
  Jessica (D:2)
  An iguana (D:5)
  An orc wizard (D:4)
  Robin (D:2)
  5 adders
  A howler monkey skeleton (D:6)
  2 adder skeletons (D:4)
  A worm (D:4)
  8 dart slugs
  7 orcs
  2 endoplasms
  6 giant cockroaches
  19 goblins
  10 hobgoblins
  5 jackals
  5 kobolds
  4 quokkas
  3 ball pythons
  4 bats
  5 frilled lizards
  10 rats
109 creatures vanquished.

Notes
Turn   | Place    | Note
-------+----------+-------------------------------------------
     0 | D:1      | laceratedsky the Minotaur Berserker began the quest for the
                  | Orb.
     0 | D:1      | Reached XP level 1. HP: 19/19 MP: 0/0
    48 | D:1      | Found a faded altar of an unknown god.
   295 | D:1      | Reached XP level 2. HP: 27/27 MP: 1/1
   296 | D:1      | Reached skill level 4 in Axes
  1032 | D:2      | Reached XP level 3. HP: 32/33 MP: 2/2
  1131 | D:2      | Noticed Robin
  1136 | D:2      | Reached ** piety under Trog
  1147 | D:2      | Killed Robin
  1430 | D:2      | Reached XP level 4. HP: 34/41 MP: 3/3
  1817 | D:2      | Noticed Jessica
  1824 | D:2      | Killed Jessica
  2162 | D:3      | Reached skill level 5 in Axes
  2246 | D:3      | Found a runed translucent door.
  2249 | D:3      | Noticed Prodoman's ghost (amateur DsWz)
  2328 | D:3      | Reached *** piety under Trog
  2605 | D:3      | Reached XP level 5. HP: 47/47 MP: 4/4
  2644 | D:3      | Identified the +4 spear "Kacighan" {pain, rElec}
  2863 | D:3      | Killed Prodoman's ghost
  2864 | D:3      | Reached skill level 5 in Fighting
  3046 | D:4      | Noticed Grinder
  3056 | D:4      | Paralysed by Grinder for 4 turns
  3064 | D:4      | Paralysed by Grinder for 2 turns
  3070 | D:4      | Found an iron altar of Okawaru.
  3071 | D:4      | Gained mutation: Your spells are a little easier to cast,
                  | but a little less powerful. [potion of mutation]
  3071 | D:4      | HP: 1/48 [Grinder/nerve-wracking pain (13)]
  3077 | D:4      | Killed Grinder
  3078 | D:4      | Reached skill level 6 in Axes
  3078 | D:4      | Reached skill level 5 in Armour
  3078 | D:4      | Reached XP level 6. HP: 12/56 MP: 5/5
  3393 | D:4      | Reached XP level 7. HP: 6/61 MP: 6/6
  3927 | D:4      | Noticed Eustachio
  3959 | D:4      | Killed Eustachio
  3960 | D:4      | Reached skill level 7 in Axes
  4217 | D:4      | Found a staircase to the Ecumenical Temple.
  4229 | Temple   | Entered the Ecumenical Temple
  4496 | D:5      | Entered Level 5 of the Dungeon
  4994 | D:6      | Noticed Pikel
  5007 | D:6      | HP: 3/62 [lemure[Pikel] (2)]
  5008 | D:6      | HP: 1/93 [lemure[Pikel] (1)]
  5008 | D:6      | Slain by Pikel

Illustrated notes

Levels and vault maps discovered:
D:1:      ebering_trefoil_3fold, layout_basic,
          dreamdust_ecumenical_altar_angels_and_demons, minmay_pentomino_p2
D:2:      layout_basic, minmay_misc_feat_more_columns, uniq_robin, uniq_jessica
D:3:      minmay_skewed_foursquare, layout_loops_cross,
          hellmonk_ghost_happy_afterlife
D:4:      layout_cave_pools, okawaru_ov_weapons_minmay, temple_hall,
          chequers_jeans, uniq_grinder, uniq_eustachio
D:5:      layout_basic, kennysheep_little_box, grunt_tough_drop
D:6:      nicolae_cairo_tiling_large, layout_basic, serial_shops, shop,
          nrook_mini_backslash, uniq_edmund, uniq_pikel
Temple:   nicolae_temple_figure_zero

Skill      XL: |  1  2  3  4  5  6  7 |
---------------+----------------------+-----
Axes           | 4 5 6 7 |  7.5
Fighting       | 4 5 |  5.9
Armour         | 3 5 6 |  6.4
Dodging        | 3 |  3.4
Stealth        | |  0.2

Action                   |  1- 3 |  4- 6 |  7- 9 || total
-------------------------+-------+-------+-------++-------
Melee: Hand axe          |    77 |   122 |    69 ||   268
       Headbutt          |    14 |    20 |    14 ||    48
  Use: Potion            |     3 |     4 |     1 ||     8
Armor: Chain mail        |    49 |    74 |    54 ||   177
       Skin              |    10 |       |       ||    10
Dodge: Dodged            |    38 |    43 |    40 ||   121
       Repelled          |       |     1 |       ||     1
